 Seeded DCSS version 0.27-a0-808-g60bc5d92e6 (webtiles) character file.

Game seed: 20210328 (custom seed)

82 muata the Magician (level 4, -1/31 HPs)
             Began as a Djinni Fire Elementalist on Mar 28, 2021.
             Slain by a worm (4 damage)
             ... on level 2 of the Dungeon.
             The game lasted 00:11:42 (2278 turns).

muata the Magician (Djinni Fire Elementalist)       Turns: 2278, Time: 00:11:43

Health: -1/31      AC:  2    Str:  7    XL:     4   Next: 43%
Gold:   37         EV: 12    Int: 17    God:
                   SH:  0    Dex: 14

rFire    + + .     SeeInvis .   b - +0 dagger
rCold    x . .     Faith    .   (no shield)
rNeg     . . .     Spirit   .   a - +0 robe
rPois    ∞         Reflect  .   (no helmet)
rElec    .         Harm     .   (no cloak)
rCorr    .         Rampage  .   (no gloves)
Will     .....                  (boots unavailable)
Stlth    ++........             (no amulet)
HPRegen  0.10/turn              (no ring)
MPRegen  0.00/turn              (no ring)

@: flying
A: fire resistance 2, cold vulnerability 1, float, innate caster, hp casting,
extra vitality 1
a: no special abilities


You were on level 2 of the Dungeon.
You visited 1 branch of the dungeon, and saw 2 of its levels.

You collected 37 gold pieces.

Inventory:

Hand Weapons
 b - a +0 dagger (weapon)
Armour
 a - a +0 robe (worn)
Jewellery
 f - a ring of magical power
 h - a +4 ring of evasion
Scrolls
 e - a scroll of enchant weapon {unknown}
 g - a scroll of brand weapon {unknown}
Potions
 c - a potion of berserk rage {unknown}
 d - a potion of might {unknown}


   Skills:
 - Level 2.2 Dodging
 - Level 1.5 Stealth
 + Level 4.3 Spellcasting


You couldn't memorise any spells.
You knew the following spells:

 Your Spells              Type           Power      Damage    Failure   Level
a - Foxfire               Conj/Fire      72%        2x1d7     2%          1
b - Conjure Flame         Conj/Fire      18%        6-21      8%          3
c - Inner Flame           Hex/Fire       18%        N/A       8%          3
d - Sticky Flame          Conj/Fire      18%        2d4       26%         4
e - Fireball              Conj/Fire      9%         3d6       56%         5
f - Corona                Hex            20%        N/A       2%          1
Your spell library was empty.

Dungeon Overview and Level Annotations

Branches:
Dungeon (2/15)

Altars:


Innate Abilities, Weirdness & Mutations

You are immune to poison.
Your flesh is very heat resistant. (rF++)
You are vulnerable to cold. (rC-)
You float through the air rather than walking.
You learn spells naturally, not from books.
Your magical power is your life essence.
You have superior vitality. (+4 HP)


Message History

Confirm with . or Enter, or press ? or * to list all spells.
You conjure some foxfire!
The foxfire hits Robin.
Robin is heavily wounded.
The foxfire hits Robin.
Robin is almost dead.
Robin hits you with a +2 club!
* * * LOW HITPOINT WARNING * * *
The foxfire hits Robin.
Robin is almost dead.
The foxfire hits Robin.
You kill Robin!
Casting: Foxfire (safe; 2% risk of failure)
Confirm with . or Enter, or press ? or * to list all spells.
You conjure some foxfire!
* * * LOW HITPOINT WARNING * * *
The foxfire hits the worm.
The worm is moderately wounded.
The foxfire hits the worm.
The worm is heavily wounded.
Casting: Foxfire (safe; 2% risk of failure)
Confirm with . or Enter, or press ? or * to list all spells.
You conjure some foxfire!
* * * LOW HITPOINT WARNING * * *
The foxfire hits the worm.
The worm is heavily wounded.
The foxfire hits the worm.
The worm is severely wounded.
Casting: Foxfire (safe; 2% risk of failure)
Confirm with . or Enter, or press ? or * to list all spells.
You conjure some foxfire!
* * * LOW HITPOINT WARNING * * *
Your foxfire dissipates!
The foxfire hits the worm.
The worm is almost dead.
Casting: Foxfire (safe; 2% risk of failure)
Confirm with . or Enter, or press ? or * to list all spells.
You conjure some foxfire!
* * * LOW HITPOINT WARNING * * *
The worm bites you.
You die...

.......##..........#..<..#
.......##........).#.#.#.#
.......##..........#.#.#.#
##†###########'#.........#
....)......>.#.#......######
##...........#.#......†)g..#
######.######.#......####†#
...............#.v....# ...
####........†###@..)..# ..##
#.........# #vw....# .g#
#.........########## ..#
#...............#


.gg ####.###..†.....# ### #.# #........# #. #........# #. #........# ##########
You could see a worm (ally target).

Vanquished Creatures
  Robin (D:2)
  3 adders (D:2)
  2 dart slugs
  4 bats
  5 endoplasms
  2 giant cockroaches
  5 goblins
  3 hobgoblins (D:2)
  4 ball pythons
  5 frilled lizards (D:1)
  6 kobolds
  A rat (D:1)
41 creatures vanquished.

Vanquished Creatures (others)
  85 foxfires
85 creatures vanquished.

Grand Total: 126 creatures vanquished

Notes
Turn   | Place    | Note
-------+----------+-------------------------------------------
     0 | D:1      | muata the Djinni Fire Elementalist began the quest for the
                  | Orb.
     0 | D:1      | Reached XP level 1. HP: 15/15 MP: 0/0
   162 | D:1      | Reached skill level 3 in Spellcasting
   286 | D:1      | Reached XP level 2. HP: 20/21 MP: 0/0
  1177 | D:1      | Reached XP level 3. HP: 19/25 MP: 0/0
  1177 | D:1      | Learned a level 1 spell: Corona
  2007 | D:2      | Reached skill level 4 in Spellcasting
  2103 | D:2      | Reached XP level 4. HP: 21/31 MP: 0/0
  2259 | D:2      | Noticed Robin
  2270 | D:2      | Killed Robin
  2278 | D:2      | Slain by a worm

Illustrated notes

Levels and vault maps discovered:
D:1:      lemuel_arrival_lava_pool, layout_loops_ring
D:2:      layout_basic, uniq_robin

Skill      XL: |  1  2  3 |
---------------+----------+-----
Spellcasting   | 3 4 |  4.3
Dodging        | |  2.2
Stealth        | |  1.5

Action                   |  1- 3 |  4- 6 || total
-------------------------+-------+-------++-------
Melee: Unarmed           |    16 |       ||    16
       Dagger            |    20 |       ||    20
 Cast: Foxfire           |    52 |    15 ||    67
Armor: Robe              |    11 |     1 ||    12
Dodge: Dodged            |    48 |     2 ||    50

Table legend: (Time is in decaauts)
 A = Elapsed time spent in this place.
 B = Non-inter-level travel time spent in this place.
 C = Inter-level travel time spent in this place.
 D = Time resting spent in this place.
 E = Time spent auto-exploring this place.
 F = Levels seen in this place.
 G = Mean time per level.
                   A        B        C        D        E       F      G
               +--------+--------+--------+--------+--------+-----+--------+
         Total |   2277 |   2198 |     79 |    925 |    855 |   2 | 1138.5 |
       Dungeon |   2277 |   2198 |     79 |    925 |    855 |   2 | 1138.5 |
               +--------+--------+--------+--------+--------+-----+--------+

Top non-repeatable levels by time:
     D:1: 1450 daAuts
     D:2: 826 daAuts
